 Dungeon Crawl Stone Soup version 0.22.1-1-ga44c0e5 (webtiles) character file.

76 greentea the Skirmisher (level 4, -3/66 HPs)
             Began as a Minotaur Berserker on Sept 30, 2018.
             Was a Follower of Trog.
             Slain by an iron imp (11 damage)
             ... summoned by Natasha
             ... on level 2 of the Dungeon.
             The game lasted 00:04:02 (1288 turns).

greentea the Skirmisher (Minotaur Berserker)        Turns: 1288, Time: 00:04:03

Health: -3/66      AC:  2    Str: 28    XL:     4   Next: 12%
Magic:  3/3        EV: 12    Int:  4    God:    Trog [*.....]
Gold:   59         SH:  0    Dex:  9    Spells: 3/3 levels left

rFire    . . .     SeeInvis .   a - +0 hand axe
rCold    . . .     Gourm    .   (no shield)
rNeg     . . .     Faith    .   b - +0 animal skin
rPois    .         Spirit   .   (helmet restricted)
rElec    .         Reflect  .   (no cloak)
rCorr    .         Harm     .   (no gloves)
MR       .....                  (no boots)
Stlth    ..........             (no amulet)
HPRegen  0.21/turn              (no ring)
MPRegen  0.08/turn              (no ring)

@: berserking, slowed
A: retaliatory headbutt, horns 2
a: Berserk, Renounce Religion


You were on level 2 of the Dungeon.
You worshipped Trog.
Trog was aware of your devotion.
You were very hungry.

You visited 1 branch of the dungeon, and saw 2 of its levels.

You collected 59 gold pieces.

Inventory:

Hand Weapons
 a - a +0 hand axe (weapon)
Armour
 b - a +0 animal skin (worn)
Jewellery
 d - a +4 ring of dexterity {unknown}
Scrolls
 h - a scroll of fear {unknown}
 i - 2 scrolls of teleportation {unknown}
 j - a scroll of remove curse {unknown}
 k - 2 scrolls of identify {unknown}
Potions
 e - a potion of brilliance {unknown}
 f - 2 potions of flight {unknown}
 g - a potion of lignification {unknown}
Comestibles
 c - 4 rations


   Skills:
 + Level 5.9 Fighting
 - Level 3.6 Axes
 - Level 2.4 Armour
 - Level 2.1 Dodging
 + Level 0.7 Stealth


You had 3 spell levels left.
You didn't know any spells.
Your spell library was empty.

Dungeon Overview and Level Annotations

Branches:
Dungeon (2/15)

Altars:

Annotations:
D:2 Natasha


Innate Abilities, Weirdness & Mutations

You reflexively headbutt those who attack you in melee.
You have a pair of horns on your head.


Message History

Terence is moderately wounded.
Terence hits you but does no damage.
You slash Terence!
Terence is severely wounded.
Terence completely misses you.
You hit Terence but do no damage. Your headbutt misses Terence.
Terence is severely wounded.
Terence hits you with a flail.
* * * LOW HITPOINT WARNING * * *
You slash Terence!
You kill Terence!
Trog accepts your kill.
You have reached level 4!
You feel stronger.
The iron imp grins evilly.
You are too berserk!
You slash the iron imp!
The iron imp is heavily wounded.
The iron imp hits you!
You die...

..<...#
......############
.................#
......##########.#
##..### #.# #..# #.#
### ##.# #.# ..# #..
#.# #####..# ##. #@#
##......#### ##
#5###...........
....##h..............
#..................
......##..............
.###.#................
#...##.............
##.. #.............
... #...........>.


You could see an iron imp and Natasha.

Vanquished Creatures
  Terence (D:2)
  Natasha (D:2)
  An ooze (D:1)
  2 ball pythons
  3 giant cockroaches (D:1)
  2 goblins (D:1)
  3 hobgoblins (D:1)
  6 bats
  2 frilled lizards
  A rat (D:1)
22 creatures vanquished.

Notes
Turn   | Place    | Note
-------+----------+-------------------------------------------
     0 | D:1      | greentea the Minotaur Berserker began the quest for the
                  | Orb.
     0 | D:1      | Reached XP level 1. HP: 19/19 MP: 0/0
    76 | D:1      | Reached skill level 4 in Fighting
   124 | D:1      | Reached XP level 2. HP: 25/27 MP: 1/1
  1082 | D:2      | Noticed Terence
  1082 | D:2      | Noticed Natasha
  1089 | D:2      | Noticed a crimson imp
  1092 | D:2      | Noticed a crimson imp
  1092 | D:2      | Killed Natasha
  1092 | D:2      | Reached skill level 5 in Fighting
  1092 | D:2      | Reached XP level 3. HP: 19/36 MP: 2/2
  1274 | D:2      | Noticed Natasha
  1287 | D:2      | Killed Terence
  1287 | D:2      | Reached XP level 4. HP: 8/44 MP: 3/3
  1288 | D:2      | Slain by an iron imp

Skill      XL: |  1  2 |
---------------+-------+-----
Fighting       | 4 5 |  5.9
Axes           | |  3.6
Armour         | |  2.4
Dodging        | |  2.1
Stealth        | |  0.7

Action                   |  1- 3 |  4- 6 || total
-------------------------+-------+-------++-------
Melee: Hand axe          |    57 |     1 ||    58
       Headbutt          |     6 |       ||     6
Invok: Berserk           |     3 |       ||     3
  Eat: Chunk             |     2 |       ||     2
Armor: Animal skin       |    19 |       ||    19
Dodge: Dodged            |    44 |       ||    44
